Map: Ascension to Aiur LE

Players

Nerchio - Winner!

  • Race: Zerg Zerg
  • Spawn Location: 11:00

TIME (Oliveira)

  • Race: Terran Terran
  • Spawn Location: 5:00

Event: WCS Jonkoping 2017

VOD

Have the link to the VOD?

Description

Time

  • Played on: June 17, 2017, 2:13 p.m.
  • Length: 5:31

All games in this series

Show
View Real Time Build Order
Export as new Build Order

Nerchio Zerg - Winner!

Build Orders: Pool First 

Get SALT Encoding   

  12  0:00  Drone  
  13  0:12  Overlord  
  13  0:17  Drone  
  14  0:30  Drone x2  
  14  0:34  Drone  
  17  0:44  Spawning Pool  
  17  0:48  Drone  
  17  0:56  Drone  
  18  1:02  Extractor  
  17  1:14  Hatchery  
  17  1:17  Drone  
  17  1:30  Queen  
  17  1:31  Zergling x2  
  20  1:35  Drone  
  20  1:39  Drone  
  22  1:49  Overlord  
  22  2:01  Metabolic Boost  
  22  2:06  Queen  
  22  2:08  Drone  
  25  2:10  Drone  
  26  2:21  Drone  
  27  2:25  Queen  
  27  2:27  Drone  
  30  2:32  Drone  
  31  2:37  Overlord  
  31  2:38  Drone  
  31  2:39  Drone  
  31  2:43  Drone  
  34  2:44  Drone  
  34  2:47  Drone  
  36  3:03  Hatchery  
  36  3:04  Drone  
  35  3:06  Drone  
  35  3:08  Drone  
  35  3:09  Drone  
  38  3:15  Zergling x4  
  38  3:16  Zergling x2  
  38  3:19  Overlord  
  41  3:22  Drone  
  42  3:30  Drone  
  42  3:31  Roach Warren, Drone  
  43  3:36  Drone  
  43  3:37  Drone  
  43  3:38  Drone  
  46  3:42  Queen  
  46  3:46  Overlord  
  48  3:49  Overlord  
  48  4:00  Zergling x8  
  48  4:02  Spore Crawler  
  51  4:04  Spore Crawler  
  51  4:06  Zergling x4  
  52  4:12  Zergling x2  
  52  4:13  Zergling x4  
  55  4:17  Lair  
  55  4:18  Drone  
  55  4:20  Drone  
  55  4:21  Drone  
  55  4:31  Drone x3  
  55  4:33  Drone  
  55  4:34  Drone x2  
  55  4:38  Extractor x2, Drone x2  
  62  4:44  Roach  
  63  4:50  Roach  
  65  4:52  Overlord  
  65  4:55  Spore Crawler  
  65  4:56  Overlord  
  64  5:01  Evolution Chamber  
  64  5:02  Evolution Chamber, Roach x2  
  66  5:10  Overlord  
  66  5:11  Spore Crawler  
Show
View Real Time Build Order
Export as new Build Order

TIME Terran 

Build Orders: Reaper Expand, Hellion Banshee 

Get SALT Encoding   

  12  0:00  SCV  
  13  0:12  SCV  
  14  0:17  Supply Depot  
  14  0:24  SCV  
  14  0:27  Refinery  
  15  0:39  SCV  
  16  0:44  Barracks  
  16  0:51  SCV  
  17  1:03  SCV  
  18  1:15  SCV  
  19  1:32  Orbital Command, Reaper  
  20  1:44  Command Center  
  20  1:54  Factory  
  20  1:57  SCV  
  21  2:04  Refinery  
  21  2:06  Barracks Reactor  
  21  2:09  SCV  
  21  2:15  Supply Depot  
  22  2:21  SCV  
  24  2:37  SCV  
  24  2:39  Starport  
  24  2:40  Widow Mine  
  26  2:45  Marine x2  
  26  2:49  SCV  
  26  2:50  Supply Depot  
  29  3:03  Marine  
  29  3:05  Marine  
  31  3:10  SCV  
  31  3:15  Medivac  
  33  3:21  Marine  
  33  3:22  Marine  
  33  3:24  Factory Tech Lab  
  33  3:26  SCV  
  36  3:38  SCV  
  37  3:51  Hellion x2, Banshee, Cloaking Field  
  37  3:54  Orbital Command  
  44  4:00  SCV  
  42  4:12  SCV  
  42  4:13  Hellion x2  
  47  4:23  Armory  
  47  4:25  SCV  
  47  4:32  SCV  
  47  4:34  Supply Depot  
  47  4:37  Hellion x2  
  52  4:47  SCV  
  52  4:48  SCV  
  52  4:58  Supply Depot  
  52  4:59  Hellion  
  57  5:01  Hellion  
  57  5:03  SCV  
  53  5:15  SCV  
Tags
 
Add a new tag
Caveats
  • Supply blocks, unpowered buildings, or Contaminate may cause inaccurate times.
  • Supply counts are checked every 10 seconds.